 Dungeon Crawl Stone Soup version 0.31-a0-271-gb88eb75e06 (webtiles) character file.

Game seed: 14794359390143802775

249 cforsyth the Ruffian (level 6, -5/72 HPs)
             Began as a Meteoran Shapeshifter on July 14, 2023.
             Killed from afar by a white imp (8 damage)
             ... with a puff of frost
             ... on level 5 of the Dungeon.
             The game lasted 00:07:36 (747 turns).

cforsyth the Ruffian (Meteoran Shapeshifter)         Turns: 747, Time: 00:07:36

Health: -5/72      AC:  2    Str: 19    XL:     6   Next: 61%
Magic:  7/7        EV: 17    Int: 10    God:
Gold:   23         SH:  0    Dex: 14    Spells: 5/5 levels left

rFire   . .          .
                       - Unarmed
rCold   . . .        (no shield)
rNeg    . . .        a - +0 animal skin
rPois   .            (helmet currently unavailable)
rElec   .            (cloak currently unavailable)
rCorr   .            (gloves currently unavailable)
SInv    .            (boots currently unavailable)
Will    .....        (no amulet) Stlth
                     m - +5 ring of evasion
HPRegen 0.32/turn    (no ring)
MPRegen 0.10/turn

%: no passive effects
@: berserking, beast-form, attractive, glowing, very quick
A: beast (slay +3), sense surroundings 1, otherworldly, glowing, explore regen
a: Begin Untransformation


You were on level 5 of the Dungeon.
You were a hulking beast.
You visited 1 branch of the dungeon, and saw 5 of its levels.

You collected 23 gold pieces.

Inventory:

Armour
 a - a +0 animal skin (worn)
Jewellery
 m - a +5 ring of evasion (left hand)
Talismans
 c - a beast talisman
Scrolls
 g - a scroll of noise
 i - a scroll of teleportation {unknown}
 k - 2 scrolls of fear {unknown}
 n - a scroll of poison {unknown}
 o - a scroll of vulnerability {unknown}
Potions
 e - 3 potions of mutation
 f - a potion of curing {unknown}
 h - a potion of magic {unknown}
 j - a potion of attraction
 p - a potion of haste {unknown}


   Skills:
 - Level 2.1 Fighting
 - Level 2.4 Dodging
 + Level 5.5 Unarmed Combat
 + Level 5.5 Shapeshifting


You had 5 spell levels left.
You didn't know any spells.
Your spell library was empty.

Dungeon Overview and Level Annotations

Branches:
Dungeon (5/15) Zot: 2262   Temple (0/1) D:5

Altars:
Okawaru

Annotations:
D:4 Eustachio
D:5 Ijyb


Innate Abilities, Weirdness & Mutations

You are a hulking beast.
Your limbs bulge with bestial killing power. (Slay +3)
You passively map a small area around you.
You are easily found by Zot.
You glow in the dark.
You regain HP and MP as you explore.


Message History

Ijyb zaps a wand.
The bolt of light hits you!
You are confused.
Ijyb hits you with a +0 club. The white imp misses you.
You hit Ijyb but do no damage.
Ijyb is heavily wounded.
The white imp gestures at you. The puff of frost hits you!
Ijyb closely misses you.
It was a potion of attraction.
You feel attractive to monsters.
You feel less confused. Ijyb completely misses you.
The white imp gestures at you. The puff of frost hits you!
* * * LOW HITPOINT WARNING * * *
A sleepcap comes into view.
The sleepcap is attracted toward you.
It was a potion of berserk rage.
A red film seems to cover your vision as you go berserk!
You feel yourself moving faster!
You feel mighty! Ijyb barely misses you. The white imp misses you.
The sleepcap is attracted toward you.
Unknown command.
Unknown command.
You barely miss Ijyb.
Ijyb is heavily wounded.
The white imp misses you. The sleepcap misses you.
Ijyb zaps a wand.
The bolt of light hits you!
* * * LOW HITPOINT WARNING * * *
Unknown command.
Unknown command.
You punch the sleepcap!
The sleepcap is heavily damaged.
Unknown command.
Unknown command.
You hit the sleepcap.
The sleepcap is severely damaged.
Ijyb hits you with a +0 club.
* * * LOW HITPOINT WARNING * * *
The sleepcap completely misses you. The white imp gestures at you.
The puff of frost hits you!
You die...

,,,,*,,,,,*..,,,,,.......,,,,<,,,
,,,,*****.,#..,,,,......?,,,,,,,,
,,,** *#.#..,,,,.......,,,,,,,*
,,,* #.....,**.......,,,*****
,,,* ######.#............,,,*****
,,,**##........###.......,,,,,,,,
,,,,,<.......#.§.........,,,,,,,,
,*,,,#......§..gf5.......,,*,,,,,
,,,*,......).###h........,,,,,,,,
*,,**........###.#.......,,,,,,,,
,*,,,.#......###)#.......,,,,,,,,
,,,,,.#.....<....#.......,,,,,,,,
*,,,,.....[..#####.......,,,,,,,,
,,,,,........#####...$..$,,******
,*,,,..............#.....,**
,*,,,...######...#...,,,,,*
*****###########.....,,,,,*


You could see a sleepcap, Ijyb and a white imp.

Vanquished Creatures
  Sigmund (D:2)
  Jessica (D:3)
  2 adders
  A worm (D:3)
  A dart slug (D:3)
  5 ball pythons
  3 bats
  3 endoplasms
  2 giant cockroaches
  4 goblins
  3 hobgoblins (D:1)
  4 jackals (D:1)
  4 quokkas
  4 frilled lizards
  3 rats (D:1)
41 creatures vanquished.

Notes
Turn   | Place    | Note
-------+----------+-------------------------------------------
     0 | D:1      | cforsyth the Meteoran Shapeshifter began the quest for the
                  | Orb.
     0 | D:1      | Reached XP level 1. HP: 17/17 MP: 2/2
     0 | D:1      | Upgraded the game from 0.31-a0-263-ge8cad7f256 to
                  | 0.31-a0-271-gb88eb75e06
    72 | D:1      | Reached XP level 2. HP: 24/24 MP: 3/3
   213 | D:1      | Reached XP level 3. HP: 18/29 MP: 4/4
   442 | D:2      | Found an iron altar of Okawaru.
   548 | D:2      | Noticed Sigmund
   555 | D:2      | Killed Sigmund
   556 | D:2      | Reached skill level 5 in Unarmed Combat
   556 | D:2      | Reached skill level 5 in Shapeshifting
   556 | D:2      | Reached XP level 4. HP: 36/36 MP: 5/5
   556 | D:2      | Reached XP level 5. HP: 41/41 MP: 6/6
   556 | D:2      | Reached XP level 6. HP: 48/48 MP: 7/7
   687 | D:3      | Noticed Jessica
   693 | D:3      | Killed Jessica
   724 | D:4      | Noticed Eustachio
   726 | D:5      | Entered Level 5 of the Dungeon
   729 | D:5      | Found a staircase to the Ecumenical Temple.
   735 | D:5      | Noticed Ijyb
   747 | D:5      | HP: 3/72 [Ijyb/+0 club (3)]
   747 | D:5      | Killed from afar by a white imp

Illustrated notes

Levels and vault maps discovered:
D:1:      lemuel_arrival_funnel, layout_basic, minmay_pentomino_r2
D:2:      layout_loops_cross, basic_altar, uniq_sigmund
D:3:      minmay_chambers_of_threes, layout_rooms, minmay_stone_trees_small,
          uniq_jessica
D:4:      layout_basic, gammafunk_temple_overflow_elements, minmay_mini_ossuary,
          uniq_eustachio
D:5:      layout_rooms, grunt_gozag_breadcrumbs, mainiacjoe_overflow_paths,
          nicolae_tso_carved_into_rock, nicolae_ossuary_entry_monument,
          nicolae_underground_beach, uniq_ijyb

Skill      XL: |  1  2  3 |
---------------+----------+-----
Unarmed Combat | 3 5 |  5.5
Shapeshifting  | 4 5 |  5.5
Fighting       | |  2.1
Dodging        | |  2.4

Action                     |  1- 3 |  4- 6 || total
---------------------------+-------+-------++-------
  Melee: Unarmed           |    77 |    33 ||   110
         Punch             |     1 |       ||     1
    Use: Potion            |     1 |     2 ||     3
         Scroll            |       |     3 ||     3
 Armour: Animal skin       |    14 |       ||    14
         Skin              |     8 |       ||     8
  Dodge: Dodged            |    43 |    22 ||    65

Table legend: (Time is in decaauts)
 A = Elapsed time spent in this place.
 B = Non-inter-level travel time spent in this place.
 C = Inter-level travel time spent in this place.
 D = Time resting spent in this place.
 E = Time spent auto-exploring this place.
 F = Levels seen in this place.
 G = Mean time per level.
                   A        B        C        D        E       F      G
               +--------+--------+--------+--------+--------+-----+--------+
         Total |    737 |    737 |      0 |     17 |      0 |   5 |  147.4 |
       Dungeon |    737 |    737 |      0 |     17 |      0 |   5 |  147.4 |
               +--------+--------+--------+--------+--------+-----+--------+

Top non-repeatable levels by time:
     D:1: 321 daAuts
     D:2: 266 daAuts
     D:3: 120 daAuts
     D:5: 19 daAuts
     D:4: 9 daAuts
